 Dungeon Crawl Stone Soup version 0.31-a0-152-g6aa68a64a1 (webtiles) character file.

Game seed: 2619507452210006840

390 qw the Shooter (level 6, -3/58 HPs)
             Began as a Naga Hunter on June 9, 2023.
             Succumbed to a scorpion's poison
             ... on level 5 of the Dungeon.
             The game lasted 00:01:03 (3379 turns).

qw the Shooter (Naga Hunter)                        Turns: 3379, Time: 00:01:04

Health: -3/58      AC:  5    Str: 16    XL:     6   Next: 80%
Magic:  6/6        EV: 10    Int:  9    God:
Gold:   217        SH:  0    Dex: 22    Spells: 5/5 levels left

rFire   . . .        e - +4 longbow "Jellybane" {freeze, Str+2}
rCold   . . .        (shield currently unavailable)
rNeg    . . .        c - +0 leather armour
rPois   +            k - +0 helmet
rElec   .            l - +0 cloak
rCorr   .            (no gloves)
SInv    +            (no barding)
Will    .....        (no amulet)
Stlth   ++           d - +6 ring of dexterity
HPRegen 0.29/turn    (no ring)
MPRegen 0.10/turn

%: no passive effects
@: lethally poisoned (-3 -> -15), very slow
A: AC +2, large, see invisible, deformed body, poison resistance, slowness 2,
spit poison 1, naga tail 1
a: Spit Poison


You were on level 5 of the Dungeon.
You visited 1 branch of the dungeon, and saw 5 of its levels.

You collected 217 gold pieces.


Innate Abilities, Weirdness & Mutations

Your serpentine skin is tough. (AC +2)
You have supernaturally acute eyesight. (SInv)
Armour fits poorly on your strangely shaped body.
Your system is resistant to poisons. (rPois)
You cover ground very slowly.
You can spit poison.
You have a snake-like lower body.


   Skills:
 - Level 4.4 Fighting
 - Level 6.1 Ranged Weapons
 + Level 1.7 Dodging
 - Level 1.5 Stealth


You had 5 spell levels left.
You didn't know any spells.
Your spell library was empty.

Inventory:

Hand Weapons
 e - the +4 longbow "Jellybane" (weapon) {freeze, Str+2}
   (You found it on level 4 of the Dungeon)

   Str:       It affects your strength (+2).
Armour
 c - a +0 leather armour (worn)
 k - a +0 helmet (worn)
 l - a +0 cloak (worn)
Jewellery
 d - a +6 ring of dexterity (left hand)
Scrolls
 b - a scroll of identify
Potions
 g - a potion of ambrosia {unknown}
 h - a potion of lignification {unknown}
 j - a potion of curing {unknown}

Dungeon Overview and Level Annotations

Branches:
Dungeon (5/15)
 Temple: D:4-7

Altars:
Elyvilon


Message History

Aiming: Spit Poison (1% risk of failure)
Press: ? - help, Shift-Dir - straight line, f/p - scorpion The splash of poison hits the scorpion.
The scorpion is heavily wounded.
The scorpion stings you. The jackal bites you. x2
The jackal barely misses you. The orc barely misses you. x3
The scorpion misses you.
3376 ||| READING scroll of teleportation.
As you read the scroll of teleportation, it crumbles to dust.
You feel strangely unstable. The jackal bites you.
The jackal barely misses you. x2
The scorpion closely misses you. The jackal barely misses you.
The orc hits you but does no damage. The orc misses you.
The orc hits you with a +0 club.
The jackal bites you but does no damage.
The jackal closely misses you.
You shoot an arrow.
The arrow hits the scorpion but does no damage.
The scorpion is heavily wounded.
The jackal closely misses you. The jackal barely misses you.
The jackal closely misses you. The scorpion closely misses you.
The orc hits you but does no damage. The orc hits you with a +0 whip.
The orc closely misses you.
The jackal bites you but does no damage.
The jackal barely misses you. x2
You shoot an arrow. The arrow barely misses the scorpion.
The scorpion stings you.
You are lethally poisoned!
The scorpion poisons you! The jackal bites you. The jackal misses you.
The orc barely misses you. x2; The orc closely misses you.
The jackal barely misses you.
The scorpion stings you but does no damage.
The jackal bites you. The jackal completely misses you.
You shoot an arrow.
The arrow completely misses the scorpion.
Your surroundings suddenly seem different.
A black bear, an adder and an ufetubus come into view.
Found a scroll of magic mapping.
You have got your breath back.
You die...

..........
........#
#.......+
##.......#
#...5....#
#......S#
#.......#
#....@h.#
#.......#
###..####
.... .....
......?
#######


You could see a black bear (asleep), an adder (asleep) and an ufetubus (asleep).

Vanquished Creatures
  An ogre (D:3)
  A scorpion (D:4)
  A howler monkey (D:4)
  An orc priest (D:3)
  A hound (D:3)
  6 adders
  A worm (D:2)
  4 dart slugs
  5 orcs
  6 ball pythons
  7 endoplasms
  3 giant cockroaches
  4 goblins
  6 hobgoblins
  4 jackals (D:1)
  5 quokkas
  2 bats
  3 frilled lizards
  5 kobolds
  8 rats
74 creatures vanquished.

Notes
Turn   | Place    | Note
-------+----------+-------------------------------------------
     0 | D:1      | qw the Naga Hunter began the quest for the Orb.
     0 | D:1      | Reached XP level 1. HP: 19/19 MP: 1/1
     0 | D:1      | 0 ||| qw: Version: 0.2-a-122-gbc61b45
     0 | D:1      | 0 ||| qw: Game counter: 3326
     0 | D:1      | 0 ||| qw: Always use a shield: true
     0 | D:1      | 0 ||| qw: God list: Okawaru
     0 | D:1      | 0 ||| qw: Allow faded altars: false
     0 | D:1      | 0 ||| qw: Do Orc after D:15 true
     0 | D:1      | 0 ||| qw: Do second Lair branch before Depths: true
     0 | D:1      | 0 ||| qw: Lair rune preference: random
     0 | D:1      | 0 ||| qw: Plans: Normal
     0 | D:1      | 0 ||| PLANNING D:1-11
     9 | D:1      | You fall into a shaft and drop 1 floor!
    30 | D:2      | 30 ||| INVOKING Spit Poison.
    87 | D:2      | 87 ||| DROPPING scroll of butterflies.
    95 | D:1      | 95 ||| INVOKING Spit Poison.
   101 | D:1      | 101 ||| INVOKING Spit Poison.
   110 | D:1      | 110 ||| INVOKING Spit Poison.
   116 | D:1      | 116 ||| INVOKING Spit Poison.
   117 | D:1      | Reached skill level 4 in Ranged Weapons
   117 | D:1      | Reached XP level 2. HP: 26/26 MP: 2/2
   122 | D:1      | 122 ||| INVOKING Spit Poison.
   128 | D:1      | 128 ||| INVOKING Spit Poison.
   129 | D:1      | 129 ||| INVOKING Spit Poison.
   184 | D:1      | 184 ||| INVOKING Spit Poison.
   189 | D:1      | 189 ||| INVOKING Spit Poison.
   195 | D:1      | 195 ||| INVOKING Spit Poison.
   199 | D:1      | HP: 4/26 [jackal (3)]
   200 | D:1      | 200 ||| INVOKING Spit Poison.
   382 | D:1      | 382 ||| INVOKING Spit Poison.
   399 | D:1      | 399 ||| INVOKING Spit Poison.
   404 | D:1      | 404 ||| INVOKING Spit Poison.
   445 | D:1      | Reached XP level 3. HP: 32/32 MP: 3/3
   506 | D:1      | 506 ||| INVOKING Spit Poison.
   946 | D:1      | 946 ||| INVOKING Spit Poison.
   962 | D:1      | 962 ||| READING scroll labelled NIROASEEDOZ.
   963 | D:1      | 963 ||| READING scroll labelled VOIVVA EWEUD.
   968 | D:1      | 968 ||| READING scroll labelled XOPOTI ONUXT.
  1056 | D:2      | 1056 ||| INVOKING Spit Poison.
  1059 | D:2      | 1059 ||| INVOKING Spit Poison.
  1098 | D:2      | 1098 ||| INVOKING Spit Poison.
  1107 | D:2      | 1107 ||| INVOKING Spit Poison.
  1139 | D:2      | 1139 ||| INVOKING Spit Poison.
  1141 | D:2      | Reached skill level 5 in Ranged Weapons
  1141 | D:2      | Reached XP level 4. HP: 39/39 MP: 4/4
  1145 | D:2      | 1145 ||| INVOKING Spit Poison.
  1171 | D:2      | 1171 ||| INVOKING Spit Poison.
  1216 | D:2      | 1216 ||| INVOKING Spit Poison.
  1293 | D:2      | 1293 ||| INVOKING Spit Poison.
  1297 | D:2      | 1297 ||| INVOKING Spit Poison.
  1793 | D:2      | 1793 ||| INVOKING Spit Poison.
  1933 | D:2      | 1933 ||| READING 2 scrolls labelled INIRRIABAWI.
  1934 | D:2      | 1934 ||| DRINKING 2 smoky sapphire potions.
  1935 | D:2      | 1935 ||| DROPPING potion of enlightenment.
  1980 | D:3      | Found a white marble altar of Elyvilon.
  2072 | D:3      | 2072 ||| INVOKING Spit Poison.
  2120 | D:3      | 2120 ||| INVOKING Spit Poison.
  2135 | D:3      | 2135 ||| INVOKING Spit Poison.
  2162 | D:3      | 2162 ||| INVOKING Spit Poison.
  2165 | D:3      | 2165 ||| INVOKING Spit Poison.
  2167 | D:3      | Reached skill level 3 in Fighting
  2231 | D:3      | 2231 ||| INVOKING Spit Poison.
  2283 | D:3      | Noticed an ogre
  2286 | D:3      | 2286 ||| INVOKING Spit Poison.
  2292 | D:3      | 2292 ||| INVOKING Spit Poison.
  2295 | D:3      | 2295 ||| INVOKING Spit Poison.
  2295 | D:3      | Killed an ogre
  2296 | D:3      | Reached XP level 5. HP: 21/49 MP: 5/5
  2469 | D:3      | 2469 ||| INVOKING Spit Poison.
  2706 | D:3      | 2706 ||| UPGRADING to +0 helmet.
  2711 | D:3      | 2711 ||| READING 2 scrolls labelled TUASIH FIXOBUY.
  2712 | D:3      | 2712 ||| READING scroll labelled ASUTZU ONICIQIA.
  2713 | D:3      | 2713 ||| READING scroll labelled LAIXKI LECERCH.
  2713 | D:3      | Identified a scroll of acquirement
  2713 | D:3      | 2713 ||| ACQUIRING +1 shortbow of draining
  2713 | D:3      | Acquired a +1 shortbow of draining
  2715 | D:3      | 2715 ||| SWAPPING to +1 shortbow of draining.
  2716 | D:3      | 2716 ||| DROPPING +0 shortbow.
  2717 | D:3      | 2717 ||| READING scroll labelled MATEWKA QAID.
  2718 | D:3      | 2718 ||| READING 2 scrolls of identify.
  2718 | D:3      | 2718 ||| IDENTIFYING blue potion
  2719 | D:3      | 2719 ||| DROPPING scroll of vulnerability.
  2720 | D:3      | 2720 ||| DROPPING potion of brilliance.
  2741 | D:4      | 2741 ||| INVOKING Spit Poison.
  2744 | D:4      | 2744 ||| STAIRDANCE
  2747 | D:3      | 2747 ||| INVOKING Spit Poison.
  2834 | D:4      | 2834 ||| INVOKING Spit Poison.
  2835 | D:4      | 2835 ||| STAIRDANCE
  2840 | D:3      | Reached skill level 6 in Ranged Weapons
  2840 | D:3      | Reached XP level 6. HP: 27/56 MP: 6/6
  2840 | D:3      | 2840 ||| INVOKING Spit Poison.
  2941 | D:4      | 2941 ||| INVOKING Spit Poison.
  2986 | D:4      | 2986 ||| INVOKING Spit Poison.
  2997 | D:4      | 2997 ||| INVOKING Spit Poison.
  3001 | D:4      | 3001 ||| INVOKING Spit Poison.
  3010 | D:4      | 3010 ||| INVOKING Spit Poison.
  3016 | D:4      | 3016 ||| INVOKING Spit Poison.
  3022 | D:4      | 3022 ||| INVOKING Spit Poison.
  3031 | D:4      | 3031 ||| INVOKING Spit Poison.
  3064 | D:4      | Identified the +4 longbow "Jellybane" {freeze, Str+2}
  3066 | D:4      | 3066 ||| SWAPPING to +4 longbow "Jellybane" {freeze,
                  | Str+2}.
  3067 | D:4      | 3067 ||| DROPPING +1 shortbow of draining.
  3098 | D:4      | 3098 ||| INVOKING Spit Poison.
  3242 | D:4      | 3242 ||| INVOKING Spit Poison.
  3328 | D:4      | 3328 ||| UPGRADING to +0 cloak.
  3333 | D:4      | 3333 ||| UPGRADING to +6 ring of dexterity.
  3334 | D:4      | 3334 ||| READING scroll labelled BIM TOFOGI.
  3335 | D:4      | 3335 ||| READING scroll labelled WAIPSU MACWIP.
  3336 | D:4      | 3336 ||| READING scroll labelled BIBBIH DYTUI.
  3364 | D:5      | Entered Level 5 of the Dungeon
  3365 | D:5      | 3365 ||| INVOKING Spit Poison.
  3369 | D:5      | 3369 ||| INVOKING Spit Poison.
  3375 | D:5      | 3375 ||| INVOKING Spit Poison.
  3375 | D:5      | HP: 14/58 [jackal (1)]
  3376 | D:5      | 3376 ||| READING scroll of teleportation.
  3378 | D:5      | HP: 6/58 [scorpion (2)]
  3378 | D:5      | HP: 2/58 [jackal (2)]
  3379 | D:5      | Noticed a black bear
  3379 | D:5      | Succumbed to a scorpion's poison

Levels and vault maps discovered:
D:1:      lemuel_arrival_hallway, layout_loops_ring, minmay_hedge_maze
D:2:      layout_basic
D:3:      layout_basic, elyvilon_altar_1
D:4:      layout_rooms, grunt_ministairs_14
D:5:      minmay_angry_zag, layout_basic, nicolae_ru_great_annihilating_truth,
          grunt_gozag_breadcrumbs

Skill      XL: |  1  2  3  4  5  6 |
---------------+-------------------+-----
Ranged Weapons | 4 5 6 |  6.1
Fighting       | 3 4 |  4.4
Dodging        | |  1.7
Stealth        | |  1.5

Action                     |  1- 3 |  4- 6 || total
---------------------------+-------+-------++-------
   Fire: Shortbow          |    68 |    80 ||   148
         Longbow           |       |    17 ||    17
Ability: Spit Poison       |    21 |    33 ||    54
    Use: Scroll            |     3 |    10 ||    13
         Potion            |       |     1 ||     1
 Armour: Leather armour    |     9 |    35 ||    44
  Dodge: Dodged            |    20 |    77 ||    97

Table legend:
 A = Non-vault XP
 B = Vault XP
 C = Vault XP percentage of total XP
 D = Non-vault monster count
 E = Vault monster count
 F = Vault count percentage of total count
                 A         B        C        D         E       F
            +---------+---------+-------+---------+---------+-------
      Total |     505 |      53 |   9.5 |      69 |       5 |   6.8
            +---------+---------+-------+---------+---------+-------
        D:1 |      42 |       0 |   0.0 |      24 |       0 |   0.0
        D:2 |      61 |       0 |   0.0 |      20 |       0 |   0.0
        D:3 |     187 |      47 |  20.1 |      11 |       3 |  21.4
        D:4 |     199 |       6 |   2.9 |      12 |       2 |  14.3
        D:5 |      16 |       0 |   0.0 |       2 |       0 |   0.0
            +---------+---------+-------+---------+---------+-------
